 Dungeon Crawl Stone Soup version 0.20-a0-382-g289d6af (webtiles) character file.

638 omnomnOMINOUS the Slasher (level 7, -1/48 HPs)
             Began as an Octopode Monk on Dec 29, 2016.
             Slain by a centaur
             ... wielding a +0 halberd
              (8 damage)
             ... in a bailey.
             The game lasted 00:09:53 (3424 turns).

omnomnOMINOUS the Slasher (Octopode Monk)           Turns: 3424, Time: 00:09:57

Health: -1/48      AC:  1    Str: 10    XL:     7   Next: 50%
Magic:  9/9        EV: 15    Int: 13    God:
Gold:   325        SH:  5    Dex: 16    Spells: 4/9 levels left

rFire  . . .     SeeInvis .     a - +1 long sword
rCold  + . .     Gourm    .     m - +0 buckler
rNeg   . . .     Faith    .     (helmet restricted)
rPois  .         Spirit   .     (no amulet)
rElec  .         Reflect  .     q - ring of protection from magic
rCorr  .         Harm     .     (no ring)
MR     +....                    (no ring)
Stlth  ++++......               (no ring)
                                (no ring)
                                (no ring)
                                (no ring)
                                (no ring)

@: no status effects
A: almost no armour, stealthy swim, amphibious, 8 rings, constrict 8, camouflage
1, cold resistance 1, mutation resistance 1, slow regeneration 1, gelatinous
body 1
a: no special abilities


You were in a bailey.
You were not hungry.

You visited 1 branch of the dungeon, and saw 8 of its levels.
You also visited: Bailey.

You collected 325 gold pieces.

Inventory:

Hand Weapons
 a - a +1 long sword (weapon)
 u - a +2 hunting sling of velocity
Missiles
 o - 2 throwing nets (quivered)
Armour
 m - a +0 buckler (worn)
Magical Staves
 r - an uncursed staff of wizardry
Jewellery
 q - a ring of protection from magic (left tentacle)
Wands
 j - a wand of lightning (5/15)
Scrolls
 c - 2 scrolls of teleportation
 d - a scroll of identify
 e - 3 scrolls of remove curse
 h - a scroll of enchant weapon
 s - a scroll of recharging
 v - a scroll of holy word {unknown}
 x - a scroll of blinking {unknown}
Potions
 g - 2 potions of flight
 k - a potion of ambrosia
 n - 4 potions of degeneration
 t - a potion of curing
Books
 p - a book of Minor Magic

   Spells                             Type                      Level
   a - Magic Dart                     Conjuration                  1
   b - Blink                          Translocation                2
   c - Call Imp                       Summoning                    2
   d - Repel Missiles                 Charms/Air                   2
   e - Slow                           Hexes                        2
   f - Conjure Flame                  Conjuration/Fire             3
   g - Mephitic Cloud                 Conjuration/Poison/Air       3
 w - a book of Maledictions

   Spells                             Type                      Level
   a - Corona                         Hexes                        1
   b - Ensorcelled Hibernation        Hexes/Ice                    2
   c - Confuse                        Hexes                        3
   d - Tukima's Dance                 Hexes                        3
   e - Dazzling Spray                 Conjuration/Hexes            3
Comestibles
 b - 2 bread rations
 i - a meat ration
 l - 7 chunks of flesh


   Skills:
 + Level 4.2 Fighting
 * Level 5.4 Long Blades
 + Level 4.3 Dodging
 - Level 2.6 Stealth
 * Level 3.9 Shields
 + Level 1.5 Spellcasting


You had 4 spell levels left.
You knew the following spells:

 Your Spells              Type           Power        Failure   Level  Hunger
a - Magic Dart            Conj           #...         30%         1    ##.....
b - Blink                 Tloc           N/A          47%         2    ###....
c - Repel Missiles        Chrm/Air       #.....       47%         2    ###....


Dungeon Overview and Level Annotations

Branches:
Dungeon (8/15)
 Temple: D:4-7         Lair: D:8-11

Altars:
Dithmenos
Elyvilon
Makhleb
Nemelex Xobeh
Sif Muna
Uskayaw

Shops:
D:7 }*


Innate Abilities, Weirdness & Mutations

You cannot wear most types of armour.
You are very stealthy in the water. (Stealth+)
You are amphibious.
You can wear up to eight rings at the same time.
You can use your tentacles to constrict eight enemies at once.
Your skin changes colour to match your surroundings (Stealth+).
Your rubbery body absorbs attacks. (AC +1, EV +1)
Your flesh is cold resistant. (rC+)
You are somewhat resistant to further mutation.
You regenerate slowly when monsters are visible.


Message History

You see here a javelin of returning.
The centaur hits you from afar with a halberd!
* * * LOW HITPOINT WARNING * * *
The orc shouts! x2
Unknown command.
You feel much better. You block the centaur's attack.
The centaur hits you from afar with a halberd!
Unknown command.
The centaur closely misses you. The orc barely misses you. x2
You hit the centaur.
The centaur is lightly wounded.
You block the centaur's attack. The orc completely misses you.
The orc hits you from afar with a trident.
You completely miss the centaur.
The centaur is lightly wounded.
The centaur hits you with a halberd!
* * * LOW HITPOINT WARNING * * *
The orc hits you but does no damage. The orc misses you.
The centaur hits you with a halberd!
You die...

..o≈≈≈≈≈≈≈≈≈...≈#
.≈≈≈.......≈≈..≈##
≈≈..≈≈≈≈≈≈≈....≈≈##
≈.≈≈≈.....≈≈≈...≈≈##
.≈≈..≈≈≈≈≈..≈≈o.⌠≈≈#
.≈.≈≈≈...≈≈≈.≈≈.$≈≈#
≈≈c≈..⌠.⌠..≈≈.≈o.$≈#
...≈..∩∩∩...(.@c$$≈#
≈≈.≈..⌠.⌠..≈≈.≈..$≈#
.≈.≈≈≈...≈≈≈o≈≈o$≈≈#
.≈≈..≈≈≈≈≈..≈≈..⌠≈≈#
≈.≈≈≈.....≈≈≈...≈≈##
≈≈..≈≈≈≈≈≈≈....≈≈##
.≈≈≈.......≈≈..≈##
..o≈≈≈≈≈≈≈≈≈...≈#


You could see a centaur and 4 orcs.

Vanquished Creatures
  A sky beast (D:7)
  2 bullfrogs
  A hound (D:4)
  2 jellies (D:8)
  A bullfrog skeleton (D:4)
  Jessica (D:2)
  3 worker ants
  An orc wizard (D:3)
  9 adders
  A shadow imp (D:5)
  An adder skeleton (D:4)
  3 worms
  3 leopard geckos
  14 orcs
  A ball python (D:2)
  2 giant cockroaches
  10 goblins
  4 hobgoblins
  2 jackals (D:3)
  3 kobolds
  4 quokkas
  9 bats
  3 frilled lizards
  A quokka skeleton (D:4)
  3 rats
85 creatures vanquished.

Notes
Turn   | Place    | Note
-------+----------+-------------------------------------------
     0 | D:1      | omnomnOMINOUS the Octopode Monk began the quest for the Orb.
     0 | D:1      | Reached XP level 1. HP: 16/16 MP: 1/1
   222 | D:2      | Reached XP level 2. HP: 5/21 MP: 2/2
   846 | D:2      | Reached skill level 1 in Shields
   846 | D:2      | Reached XP level 3. HP: 26/26 MP: 3/3
   893 | D:2      | Found a shadowy altar of Dithmenos.
   922 | D:2      | Noticed Jessica
   946 | D:2      | Killed Jessica
   946 | D:2      | Reached XP level 4. HP: 29/31 MP: 4/4
  1439 | D:3      | Reached skill level 4 in Long Blades
  1496 | D:3      | Reached XP level 5. HP: 27/36 MP: 5/5
  1622 | D:3      | Found a sparkling altar of Nemelex Xobeh.
  1646 | D:3      | Found a hide-covered altar of Uskayaw.
  1651 | D:3      | Learned a level 1 spell: Magic Dart
  1654 | D:3      | Learned a level 2 spell: Blink
  2012 | D:3      | Found a deep blue altar of Sif Muna.
  2144 | D:4      | Reached XP level 6. HP: 31/42 MP: 7/7
  2294 | D:5      | Entered Level 5 of the Dungeon
  2304 | D:5      | Found a white marble altar of Elyvilon.
  2348 | D:5      | Reached skill level 1 in Spellcasting
  2770 | D:7      | Noticed a sky beast
  2838 | D:7      | Killed a sky beast
  2838 | D:7      | Reached skill level 5 in Long Blades
  2838 | D:7      | Reached XP level 7. HP: 21/48 MP: 3/8
  2844 | D:7      | Gained mutation: You regenerate slowly when monsters are visible. [mutagenic meat]
  2845 | D:7      | Gained mutation: You are somewhat resistant to further mutation. [mutagenic meat]
  2846 | D:7      | Gained mutation: Your flesh is cold resistant. (rC+) [mutagenic meat]
  2962 | D:7      | Found Zamusioj's Gadget Emporium.
  2979 | D:7      | Found Ynozof's Assorted Antiques.
  3019 | D:7      | Found a burning altar of Makhleb.
  3292 | D:8      | Learned a level 2 spell: Repel Missiles
  3395 | D:8      | Found a flagged portal.
  3414 | Bailey   | Entered a bailey
  3424 | Bailey   | Slain by a centaur

Vault maps used:
D:1:      dpeg_arrival_short_road
D:2:      nicolae_dithmenos_shadow_blocks, uniq_jessica
D:3:      lemuel_doored_altar, led_sif_pool, lemuel_crystal_altar,
          nicolae_overflow_hidden_temple, first_bread, solitary_fountain
D:4:      kennysheep_decorative_pillar
D:5:      old_standard_altar, old_standard_altar, ashenzari_conservatory_becter
D:6:      nicolae_overflow_crystal_walls
D:7:      lemuel_crystal_altar, gammafunk_temple_overflow_wave, serial_shops,
          shop, shop, shop_coins, guppyfry_early_elven_hall
D:8:      enter_bailey_3, basic_altar
Bailey:   bailey_polearm_flooded_kennysheep, bailey

Skill      XL: |  1  2  3  4  5  6 |
---------------+-------------------+-----
Shields        | 1 2 3 |  3.9
Long Blades    | 4 5 |  5.4
Spellcasting   | 1 |  1.5
Dodging        | 4 |  4.3
Fighting       | 4 |  4.2
Stealth        | |  2.6

Action                   |  1- 3 |  4- 6 |  7- 9 || total
-------------------------+-------+-------+-------++-------
Melee: Falchion          |    38 |   130 |       ||   168
       Tentacles         |    12 |    30 |     7 ||    49
       Constrict         |    11 |    42 |     9 ||    62
       Long sword        |       |     5 |    28 ||    33
 Cast: Magic Dart        |       |     2 |       ||     2
  Use: Potion            |       |     1 |     1 ||     2
       Scroll            |       |       |    10 ||    10
 Stab: Sleeping          |     6 |     8 |     3 ||    17
       Distracted        |       |     1 |       ||     1
  Eat: Chunk             |       |     6 |     6 ||    12
Armor: Skin              |     2 |     4 |     1 ||     7
Dodge: Dodged            |    24 |    69 |    31 ||   124
Block: Buckler           |     3 |    27 |    16 ||    46
       Rpst.: Falchion   |     8 |    23 |       ||    31
       Long sword        |       |     1 |     3 ||     4
